 Dungeon Crawl Stone Soup version 0.17-a0-1103-ga40c899 (webtiles) character file.

451 Inkie the Cutter (level 6, -1/41 HPs)
             Began as a Vampire Enchanter on May 21, 2015.
             Slain by an ogre (4 damage)
             ... on level 4 of the Dungeon.
             The game lasted 00:16:58 (4308 turns).

Inkie the Cutter (Vampire Enchanter)                Turns: 4308, Time: 00:16:58

Health: -1/41      AC:  3    Str:  7    XL:     6   Next: 75%
Magic:  8/9        EV: 12    Int: 19    God:
Gold:   162        SH:  0    Dex: 15    Spells: 4 memorised, 0 levels left

rFire  . . .     SeeInvis +     m - +2 short sword (venom)
rCold  + + .     Clarity  .     b - +1 robe
rNeg   + + +     SustAb   .     (no shield)
rPois  +         Gourm    .     (no helmet)
rElec  .         Spirit   .     (no cloak)
rCorr  .         Warding  .     (no gloves)
rMut   .         Stasis   .     (no boots)
MR     .....                    (no amulet)
Stlth  +++.......               (no ring)
                                (no ring)

@: regenerating slowly, not resistant to hostile enchantments, fairly stealthy
A: fangs 3, see invisible, unbreathing
a: Bat Form


You were on level 4 of the Dungeon.
You were near bloodless.

You visited 1 branch of the dungeon, and saw 4 of its levels.

You collected 162 gold pieces.

Inventory:

Hand weapons
 a - a +1 dagger
 k - a +1 dagger of holy wrath
 m - a +2 short sword of venom (weapon)
Missiles
 f - 182 stones (quivered)
 u - 2 javelins
Armour
 b - a +1 robe (worn)
Jewellery
 g - an uncursed ring of magical power {unknown}
 r - an uncursed amulet of the gourmand {unknown}
Scrolls
 e - 2 scrolls of recharging {unknown}
 i - a scroll of blinking {unknown}
 l - a scroll of immolation {unknown}
 n - 2 scrolls of enchant armour {unknown}
 o - a scroll of enchant weapon {unknown}
 p - 2 scrolls of identify {unknown}
 q - a scroll of amnesia {unknown}
 s - a scroll of random uselessness {unknown}
 t - a scroll of remove curse {unknown}
Potions
 d - 7 potions of blood
 h - 2 potions of heal wounds {unknown}
 j - a potion of agility
 v - a potion of brilliance {unknown}
 w - a potion of berserk rage {unknown}
Books
 c - a book of Maledictions

   Spells                             Type                      Level
   a - Corona                         Hexes                        1
   b - Ensorcelled Hibernation        Hexes/Ice                    2
   c - Confuse                        Hexes                        3
   d - Tukima's Dance                 Hexes                        3
   e - Dazzling Spray                 Conjuration/Hexes            3


   Skills:
 + Level 7.7 Short Blades
 - Level 2.1 Dodging
 - Level 4.4 Stealth
 - Level 2.0 Spellcasting
 - Level 4.4 Hexes
 - Level 0.6 Ice Magic


You couldn't memorise any spells.
You knew the following spells:

 Your Spells              Type           Power        Failure   Level  Hunger
a - Corona                Hex            ###....      3%          1    #......
b - Ensorcelled Hibernat  Hex/Ice        ##....       10%         2    ###....
c - Confuse               Hex            ###.....     12%         3    ###....
d - Tukima's Dance        Hex            ###.....     12%         3    ###....


Dungeon Overview and Level Annotations

Branches:
Dungeon (4/15)
 Temple: D:4-7

Altars:

Annotations:
D:3 Totomo's ghost, average NaFi


Innate Abilities, Weirdness & Mutations

You heal slowly.
You have razor-sharp teeth.
You have supernaturally acute eyesight.
You can survive without breathing.


Message History

You hit the ogre.
The ogre is poisoned.
Your bite misses the ogre.
The ogre is moderately wounded.
The ogre hits you!
You hit the ogre.
The ogre is moderately wounded.
The ogre hits you!
You see here a quokka corpse.
Unknown command.
You hit the ogre but do no damage.
The ogre is poisoned.
The ogre is almost dead.
The ogre hits you!
* * * LOW HITPOINT WARNING * * *
You barely miss the ogre. Your bite misses the ogre.
The ogre is severely wounded.
The ogre hits you!
* * * LOW HITPOINT WARNING * * *
The ogre hits you.
* * * LOW HITPOINT WARNING * * *
The ogre hits you.
You die...

#..######..###.#.######.###÷%....
#..# #)÷# #.#.######.##.......
#..# #..# #..........##.......
#..# #..# ###.#####..##.......
#..######..# #.#.. (...........
.....>.##..# #.#.###.........).
#..###.....# #.#.# ##.##.......
#.........## #.#.# #. ###.#.##
##.###..### #@#.## # ###.#.# ...#
#..# #O...###......#.# ######..#
#..#..........#)# ........#
##(..########.#<## ######.##
##.#.## ##.#.). #.#
######.###.### #....## ######.#
#(.†..## ##..# #..#.# .....<.#
#.####.###.#.# #..#.# ########
#.# ##.#.##.# #..#.#


You could see an ogre and a friendly giant spiked club.

Vanquished Creatures
  Grinder (D:4)
  Menkaure (D:4)
  Robin (D:4)
  4 adders
  An ooze (D:1)
  3 giant geckos
  14 orcs
  A ball python (D:3)
  7 bats
  12 hobgoblins
  8 jackals
  5 kobolds
  3 quokkas
  6 giant cockroaches
  4 giant newts
  17 goblins
  7 rats
95 creatures vanquished.

Notes
Turn   | Place    | Note
--------------------------------------------------------------
     0 | D:1      | Inkie the Vampire Enchanter began the quest for the Orb.
     0 | D:1      | Reached XP level 1. HP: 13/13 MP: 3/3
   319 | D:1      | Reached XP level 2. HP: 19/19 MP: 5/5
  1225 | D:1      | Learned a level 2 spell: Ensorcelled Hibernation
  1298 | D:2      | Reached XP level 3. HP: 21/24 MP: 3/6
  2014 | D:3      | Noticed Totomo's ghost (average NaFi)
  2159 | D:3      | Learned a level 3 spell: Confuse
  2444 | D:3      | Reached XP level 4. HP: 30/30 MP: 4/7
  2819 | D:4      | Noticed Menkaure
  2832 | D:4      | Killed Menkaure
  2832 | D:4      | Reached skill level 5 in Short Blades
  2832 | D:4      | Reached XP level 5. HP: 32/35 MP: 4/8
  2871 | D:4      | Noticed Grinder
  2882 | D:4      | Reached skill level 6 in Short Blades
  2892 | D:4      | Killed Grinder
  2892 | D:4      | Reached skill level 7 in Short Blades
  2892 | D:4      | Reached XP level 6. HP: 24/41 MP: 6/9
  3529 | D:4      | Learned a level 3 spell: Tukima's Dance
  3785 | D:4      | Noticed Robin
  4144 | D:4      | Killed Robin
  4277 | D:4      | Noticed an ogre
  4308 | D:4      | Slain by an ogre

Vault maps used:
D:1:      evilmike_arrival_hilbert_curve
D:3:      serial_glass, glass_columns_b, glass_columns_a, glass_columns_c,
          glass_columns_c, glass_columns_b, glass_columns_a
D:4:      uniq_menkaure, uniq_robin, uniq_grinder

Action                   |  1- 3 |  4- 6 || total
-------------------------+-------+-------++-------
Melee: Dagger            |   104 |       ||   104
       Short sword       |    26 |   132 ||   158
Throw: Stone             |    41 |       ||    41
 Cast: Corona            |     3 |       ||     3
       Ensorcelled Hiber |     7 |    11 ||    18
       Confuse           |     2 |     2 ||     4
       Tukima's Dance    |       |     1 ||     1
 Abil: End Transformatio |       |     1 ||     1
       Bat Form          |       |     1 ||     1
  Use: Potion            |     1 |     2 ||     3
 Stab: Sleeping          |    17 |     7 ||    24
       Confused          |       |     2 ||     2
       Distracted        |       |     1 ||     1
